[Event "ICC tourney 2517 (60 10)"]
[Site "Internet Chess Club"]
[Date "2021.04.18"]
[Round "4"]
[White "VIKAS, HEMA:madscience08"]
[Black "AGARAM, JYOTSNA:Jagaram"]
[Result "1-0"]
[ICCResult "Black checkmated"]
[WhiteElo "1562"]
[BlackElo "1335"]
[Opening "KP: Nimzovich defense"]
[ECO "B00"]
[NIC "VO.05"]
[Time "10:02:56"]
[PlyCount "71"]
[TimeControl "3600+10"]

1. e4 Nc6 2. Nf3 d5 3. exd5 Qxd5 4. Nc3 Qh5 5. Be2 Bg4 6. h3 Nf6 7. O-O
O-O-O 8. hxg4 Nxg4 9. Nh4 Qxh4 10. Bxg4+ e6 11. g3 Qf6 12. Qf3 Qg6 13. Bh3
Bc5 14. Bg2 Nd4 15. Qxb7+ Kd7 16. Qe4 Qh6 17. Nb5 Qg6 18. Qe5 Nxb5 19. Qxc5
Nd6 20. Qc6+ Ke7 21. Qxc7+ Rd7 22. Qa5 Rc8 23. d4 Rxc2 24. Bf4 Nf5 25. Qb4+
Nd6 26. Rac1 h6 27. Rxc2 Qxc2 28. Rc1 Qg6 29. Bxd6+ Rxd6 30. Rc7+ Kf6 31.
Qxd6 Qb1+ 32. Bf1 Qxb2 33. Qf4+ Kg6 34. Qxf7+ Kg5 35. Rc5+ Kg4 36. Qf4# {
Black checkmated } 1-0

[Event "ICC tourney 2517 (60 10)"]
[Site "Internet Chess Club"]
[Date "2021.04.18"]
[Round "4"]
[White "WANG, KEVIN:Deepbrainfinal"]
[Black "GILLSTON, NOAH:Noahchess328"]
[Result "1/2-1/2"]
[ICCResult "Game drawn by repetition"]
[WhiteElo "1431"]
[BlackElo "1604"]
[Opening "QGD semi-Slav: 5.e3"]
[ECO "D45"]
[NIC "SL.08"]
[Time "10:02:53"]
[PlyCount "108"]
[TimeControl "3600+10"]

1. c4 e6 2. Nc3 d5 3. d4 Nf6 4. e3 c6 5. Nf3 Be7 6. Bd3 O-O 7. O-O Nbd7 8.
Re1 Re8 9. cxd5 Nxd5 10. e4 Nxc3 11. bxc3 c5 12. Bb2 cxd4 13. cxd4 Nb6 14.
h3 Bd7 15. Ne5 Ba4 16. Qg4 Nd7 17. Nxd7 Qxd7 18. e5 Bb5 19. Re3 Bxd3 20.
Rxd3 Rec8 21. Rg3 Bf8 22. Ba3 g6 23. Bxf8 Kxf8 24. h4 Rc4 25. Rd1 Rd8 26.
Rgd3 Ra4 27. Qg5 Qe7 28. Qh6+ Kg8 29. h5 Rxa2 30. hxg6 fxg6 31. Rh3 Rd7 32.
Rdd3 Qf8 33. Qh4 Qe7 34. Qh6 Qg7 35. Qg5 Rc2 36. Rc3 Rxc3 37. Rxc3 Qe7 38.
Qg4 Kg7 39. Rf3 h5 40. Qe4 Qe8 41. Rf6 a5 42. Qf3 Rf7 43. Rxf7+ Qxf7 44.
Qc3 a4 45. d5 exd5 46. e6+ Qf6 47. Qc7+ Kf8 48. Qc8+ Ke7 49. Qd7+ Kf8 50.
Qc8+ Ke7 51. Qd7+ Kf8 52. Qc8+ Ke7 53. Qd7+ Kf8 54. Qc8+ Ke7 { Game drawn
by repetition } 1/2-1/2

[Event "ICC tourney 2517 (60 10)"]
[Site "Internet Chess Club"]
[Date "2021.04.18"]
[Round "4"]
[White "BUCHANAN, ROYAL:Royalegod"]
[Black "BOONCHAROEN, NATHAN:Strawberrydevil"]
[Result "1-0"]
[ICCResult "Black resigns"]
[WhiteElo "1922"]
[BlackElo "1664"]
[Opening "French: King's Indian attack"]
[ECO "C00"]
[NIC "FR.02"]
[Time "10:02:51"]
[PlyCount "119"]
[TimeControl "3600+10"]

1. e4 e6 2. d3 d5 3. Qe2 Be7 4. Nf3 c5 5. g3 Nc6 6. Bg2 dxe4 7. dxe4 Nf6 8.
c3 O-O 9. O-O b6 10. Rd1 Qc7 11. Bf4 e5 12. Bg5 Bb7 13. Nbd2 Rad8 14. Nc4
Ba6 15. Nfd2 h6 16. Bxf6 Bxf6 17. Qf3 Bg5 18. Bf1 Bxd2 19. Nxd2 Bxf1 20.
Nxf1 Rxd1 21. Rxd1 Rd8 22. Ne3 Rxd1+ 23. Qxd1 Ne7 24. Nd5 Nxd5 25. exd5 Qd6
26. c4 Kf8 27. Qa4 Qc7 28. a3 Ke7 29. Qb5 f5 30. b4 cxb4 31. axb4 Qd7 32.
Qa6 f4 33. Qa1 Kd6 34. Qd1 Qf5 35. f3 fxg3 36. hxg3 e4 37. Qd4 Qxf3 38. c5+
bxc5 39. bxc5+ Ke7 40. Qxg7+ Qf7 41. Qe5+ Kf8 42. c6 e3 43. Qb8+ Kg7 44.
Qb7 e2 45. Qxf7+ Kxf7 46. Kf2 Ke7 47. Kxe2 Kd6 48. Kd3 Ke7 49. c7 Kd7 50.
d6 Kc8 51. Kc4 h5 52. Kb5 Kb7 53. Ka5 a6 54. Kb4 Kc8 55. Ka4 Kb7 56. Ka5 h4
57. gxh4 Ka7 58. d7 Kb7 59. c8=Q+ Ka7 60. Qc7+ { Black resigns } 1-0

[Event "ICC tourney 2517 (60 10)"]
[Site "Internet Chess Club"]
[Date "2021.04.18"]
[Round "4"]
[White "CHAKRAVARTY, ARITRO:aritroc"]
[Black "Aravindakshan, Sahana:TigerSahi"]
[Result "1/2-1/2"]
[ICCResult "Game drawn by repetition"]
[WhiteElo "1881"]
[BlackElo "1626"]
[Opening "King's Indian: fianchetto without c4"]
[ECO "A49"]
[NIC "KI.79"]
[Time "10:02:40"]
[PlyCount "103"]
[TimeControl "3600+10"]

1. d4 Nf6 2. Nf3 g6 3. g3 Bg7 4. Bg2 O-O 5. O-O d6 6. c4 c5 7. b3 Nbd7 8.
Bb2 Re8 9. Nc3 Rb8 10. Qc2 b6 11. Rad1 Bb7 12. d5 a6 13. a4 Qc7 14. e4 e6
15. dxe6 Rxe6 16. Nd5 Bxd5 17. exd5 Re7 18. Rfe1 Rbe8 19. Rxe7 Rxe7 20. Bh3
Qb7 21. Qd3 Re8 22. Rd2 Ne4 23. Re2 Ndf6 24. Bxf6 Nxf6 25. Rxe8+ Nxe8 26.
Qe3 Nf6 27. Ng5 h6 28. Ne4 Qe7 29. Nxf6+ Bxf6 30. Qxe7 Bxe7 31. a5 bxa5 32.
Kf1 Kf8 33. Bd7 Bf6 34. Ke2 Ke7 35. Bc8 Bc3 36. Kd3 Bd4 37. f3 Bg1 38. Ke2
f5 39. h4 Kf6 40. f4 g5 41. hxg5+ hxg5 42. Kf3 Bd4 43. Bxa6 g4+ 44. Ke2 Bg1
45. Bc8 Bd4 46. Be6 Bc3 47. Bc8 Bb4 48. Be6 Kg6 49. Bc8 Kf6 50. Be6 Kg6 51.
Bc8 Kf6 52. Be6 { Game drawn by repetition } 1/2-1/2

[Event "ICC tourney 2517 (60 10)"]
[Site "Internet Chess Club"]
[Date "2021.04.18"]
[Round "4"]
[White "Kashyap, Mahati B:mnm1"]
[Black "Awad, Rania:raawad"]
[Result "0-1"]
[ICCResult "White resigns"]
[WhiteElo "1580"]
[BlackElo "1409"]
[Opening "Caro-Kann defense"]
[ECO "B15"]
[NIC "CK.05"]
[Time "10:03:08"]
[PlyCount "54"]
[TimeControl "3600+10"]

1. e4 c6 2. d4 d5 3. Nc3 dxe4 4. Nxe4 Nf6 5. Qd3 Bg4 6. Be2 Bxe2 7. Nxe2 e6
8. Nxf6+ Qxf6 9. Bf4 Nd7 10. O-O Be7 11. Rfe1 O-O 12. Rad1 Rad8 13. Bg3 c5
14. Qb3 cxd4 15. Nxd4 Nc5 16. Qe3 Qg5 17. Bf4 Qf6 18. Be5 Qg5 19. f4 Qg6
20. c3 Rfe8 21. Nb5 Rxd1 22. Rxd1 Qc2 23. Rd2 Qb1+ 24. Kf2 Ne4+ 25. Kf3
Nxd2+ 26. Qxd2 Qf1+ 27. Qf2 Qxb5 { White resigns } 0-1

[Event "ICC tourney 2517 (60 10)"]
[Site "Internet Chess Club"]
[Date "2021.04.18"]
[Round "4"]
[White "KATSMAN, DAVID:davika21"]
[Black "GOLDSTEIN, ARAV MICAH:LoopyLoop"]
[Result "1-0"]
[ICCResult "Black checkmated"]
[WhiteElo "1884"]
[BlackElo "1649"]
[Opening "Sicilian: Alapin's variation (2.c3)"]
[ECO "B22"]
[NIC "SI.47"]
[Time "10:03:04"]
[PlyCount "133"]
[TimeControl "3600+10"]

1. e4 c5 2. c3 Nf6 3. e5 Nd5 4. d4 cxd4 5. Nf3 Nc6 6. cxd4 e6 7. Bc4 Nb6 8.
Bb3 d6 9. O-O Be7 10. Nc3 d5 11. Be3 Na5 12. Ne1 Nxb3 13. axb3 Bd7 14. f4
a5 15. Qg4 g6 16. Nf3 h5 17. Qh3 a4 18. bxa4 Bxa4 19. g4 Nc4 20. Bc1 Bc2
21. Rxa8 Qxa8 22. Ne1 Bb3 23. f5 Na5 24. fxe6 fxe6 25. gxh5 Kd7 26. h6 Rh7
27. Nf3 Bc4 28. Re1 Qh8 29. Bg5 Bd3 30. Bxe7 Kxe7 31. Ng5 Bf5 32. Nxd5+
exd5 33. Qa3+ Ke8 34. Nxh7 Qxh7 35. Qxa5 Qxh6 36. Qa8+ Kf7 37. Qxb7+ Ke8
38. Qb8+ Kf7 39. Qc7+ Kg8 40. Qd8+ Kg7 41. Qf6+ Kg8 42. e6 Qd2 43. Qh4 Be4
44. Qf2 Qg5+ 45. Qg3 Qd2 46. e7 Qxd4+ 47. Qf2 Qxf2+ 48. Kxf2 Kf7 49. Rxe4
dxe4 50. Ke3 Kxe7 51. Kxe4 Ke6 52. b3 g5 53. b4 Kd6 54. Kf5 g4 55. Kxg4 Kc6
56. h4 Kb5 57. h5 Kxb4 58. h6 Kc5 59. h7 Kd6 60. h8=Q Ke7 61. Qh6 Kd7 62.
Qb6 Ke7 63. Kf5 Kd7 64. Ke5 Ke7 65. Qb7+ Kd8 66. Ke6 Ke8 67. Qa8# { Black
checkmated } 1-0

[Event "ICC tourney 2517 (60 10)"]
[Site "Internet Chess Club"]
[Date "2021.04.18"]
[Round "4"]
[White "RAJANISH, ABHINAV:Knightboy123"]
[Black "ZHUGE, KATHERINE:FlowingMelody"]
[Result "0-1"]
[ICCResult "White checkmated"]
[WhiteElo "1596"]
[BlackElo "1428"]
[Opening "Queen's pawn, Mason variation"]
[ECO "D00"]
[NIC "QP.08"]
[Time "10:02:43"]
[PlyCount "110"]
[TimeControl "3600+10"]

1. d4 d5 2. Bf4 Nf6 3. e3 e6 4. Nf3 Bd6 5. Bg3 O-O 6. c3 c5 7. Nbd2 Nc6 8.
Qc2 a6 9. a4 b6 10. Ne5 Qc7 11. Nxc6 Qxc6 12. Nf3 Qc7 13. Ne5 Ne4 14. Bd3
Nf6 15. b3 Bb7 16. f4 b5 17. axb5 axb5 18. Kf2 c4 19. bxc4 bxc4 20. Be2
Ne4+ 21. Kf3 Bxe5 22. dxe5 f5 23. Rxa8 Rxa8 24. Bd1 Qf7 25. Ke2 Qh5+ 26.
Ke1 Ra1 27. Rf1 Bc6 28. Qe2 Qxe2+ 29. Kxe2 Nxc3+ 30. Kd2 Ne4+ 31. Ke2 c3
32. Re1 Bb5+ 33. Kf3 Nxg3 34. hxg3 c2 35. Bxc2 Rxe1 36. g4 fxg4+ 37. Kxg4
Rxe3 38. f5 Rxe5 39. f6 gxf6 40. Kf3 d4 41. g4 d3 42. Bxd3 Bxd3 43. g5 fxg5
44. Kg3 Re4 45. Kg2 Re3 46. Kf2 Rh3 47. Kg2 Bf5 48. Kg1 Kg7 49. Kg2 Kg6 50.
Kg1 Kh5 51. Kg2 Kg4 52. Kg1 Kg3 53. Kf1 Rh2 54. Kg1 Rf2 55. Kh1 Rf1# {
White checkmated } 0-1

[Event "ICC tourney 2517 (60 10)"]
[Site "Internet Chess Club"]
[Date "2021.04.18"]
[Round "4"]
[White "SRINIVASAN, ARJUN:ajedrez7"]
[Black "Mairaj, Morgan Kenzo:Morganito"]
[Result "1/2-1/2"]
[ICCResult "Game drawn by mutual agreement"]
[WhiteElo "1606"]
[BlackElo "1822"]
[Opening "Sicilian: closed, Korchnoi variation"]
[ECO "B23"]
[NIC "SI.44"]
[Time "10:02:41"]
[PlyCount "99"]
[TimeControl "3600+10"]

1. e4 c5 2. Nc3 e6 3. g3 d5 4. exd5 exd5 5. Bg2 Nf6 6. d3 Be7 7. Nge2 O-O
8. O-O Bg4 9. h3 Bxe2 10. Nxe2 Nc6 11. Nf4 Qd7 12. g4 d4 13. g5 Ne8 14. h4
Bd6 15. h5 Nc7 16. Bh3 Qe7 17. Ng2 Rae8 18. Re1 Qd8 19. f4 Rxe1+ 20. Qxe1
Nd5 21. Qf2 Re8 22. Bd2 b5 23. Re1 Rxe1+ 24. Qxe1 Qe7 25. Qf2 Ndb4 26. Bxb4
Nxb4 27. a3 Nd5 28. Qf3 Ne3 29. Qe2 Nxg2 30. Qxe7 Bxe7 31. Kxg2 c4 32. Kf3
c3 33. b4 a5 34. Ke4 axb4 35. axb4 Bxb4 36. Kxd4 Ba5 37. Bd7 b4 38. Ba4 Kf8
39. Kc4 Bc7 40. f5 Bd6 41. Kd5 Be7 42. g6 fxg6 43. fxg6 hxg6 44. hxg6 Bf6
45. Kc4 Be7 46. d4 Bd6 47. Kd5 Ke7 48. Kc6 Bf4 49. d5 Bd6 50. Bb3 { Game
drawn by mutual agreement } 1/2-1/2

[Event "ICC tourney 2517 (60 10)"]
[Site "Internet Chess Club"]
[Date "2021.04.18"]
[Round "4"]
[White "LIAO, CAITLIN:che8642"]
[Black "PUPPALLA, PRANAY:checkmate1823"]
[Result "1-0"]
[ICCResult "Black forfeits on time"]
[WhiteElo "1530"]
[BlackElo "1703"]
[Opening "Queen's pawn game"]
[ECO "D00"]
[NIC "QP.07"]
[Time "10:02:51"]
[PlyCount "71"]
[TimeControl "3600+10"]

1. d4 Nf6 2. Nc3 d5 3. Bf4 g6 4. e3 Bg7 5. Be2 O-O 6. h4 c5 7. Nb5 Qa5+ 8.
c3 Na6 9. Nf3 Bd7 10. Na3 Ne4 11. Nc2 Ba4 12. O-O cxd4 13. exd4 Rac8 14.
Qc1 Rfd8 15. Ne3 Bb5 16. Bxb5 Qxb5 17. Ng4 Nb4 18. a4 Qa6 19. Qd1 Nd3 20.
Bc1 Nxc1 21. Qxc1 Rc4 22. Qc2 Rdc8 23. Qb3 Qe6 24. Ne3 R4c6 25. Qxd5 Qxd5
26. Nxd5 Kf8 27. Nf4 Rb6 28. Nd3 Rb3 29. Rfe1 f5 30. Re2 Rc6 31. Nfe5 Rc7
32. g4 e6 33. Nf4 Ke7 34. gxf5 gxf5 35. Ned3 Rb6 36. Kh2 { Black forfeits
on time } 1-0

[Event "ICC tourney 2517 (60 10)"]
[Site "Internet Chess Club"]
[Date "2021.04.18"]
[Round "4"]
[White "NAKADA, JOHJI DAVID:turtlemasterjo"]
[Black "GUILLEMETTE, HUGO:Heliosis"]
[Result "0-1"]
[ICCResult "White forfeits on time"]
[WhiteElo "1624"]
[BlackElo "1894"]
[Opening "Vienna gambit: Paulsen attack"]
[ECO "C29"]
[NIC "VG.03"]
[Time "10:02:59"]
[PlyCount "66"]
[TimeControl "3600+10"]

1. e4 e5 2. Nc3 Nf6 3. f4 d5 4. fxe5 Nxe4 5. Qf3 Nc6 6. Nxe4 dxe4 7. Qxe4
Qd4 8. Qxd4 Nxd4 9. Bd3 Be6 10. c3 Bd5 11. Kf1 Ne6 12. Ne2 O-O-O 13. Bc2 c5
14. d3 g6 15. Nf4 Bg7 16. Kf2 Bxe5 17. Nxd5 Rxd5 18. Re1 Bg7 19. Be3 b6 20.
Rad1 Rhd8 21. Re2 R5d6 22. Red2 f5 23. g3 Nc7 24. Bf4 Re6 25. Bb3 Nd5 26.
Bxd5 Rxd5 27. d4 cxd4 28. cxd4 Kb7 29. b3 Re4 30. Be3 Bf6 31. Kf3 g5 32. h3
h5 33. Kf2 f4 { White forfeits on time } 0-1

[Event "ICC tourney 2517 (60 10)"]
[Site "Internet Chess Club"]
[Date "2021.04.18"]
[Round "4"]
[White "HUANG, KYLAN Z:KylanHuang"]
[Black "CHASIN, NICO WERNER:nicochasin"]
[Result "0-1"]
[ICCResult "White resigns"]
[WhiteElo "1890"]
[BlackElo "2417"]
[Opening "Sicilian: Alapin's variation (2.c3)"]
[ECO "B22"]
[NIC "SI.47"]
[Time "10:02:49"]
[PlyCount "150"]
[TimeControl "3600+10"]

1. e4 c5 2. c3 Nf6 3. e5 Nd5 4. d4 cxd4 5. cxd4 d6 6. Nf3 Nc6 7. Bc4 Nb6 8.
Bb5 dxe5 9. Nxe5 Bd7 10. Nxd7 Qxd7 11. O-O g6 12. Nc3 Rd8 13. Be3 Bg7 14.
Qb3 O-O 15. Rfd1 Qg4 16. h3 Qh4 17. Bxc6 bxc6 18. Ne2 Qh5 19. Nf4 Qb5 20.
Qxb5 cxb5 21. b3 Rd7 22. Rd2 Rc8 23. Rad1 g5 24. Nh5 Rd5 25. f4 h6 26. fxg5
hxg5 27. Nxg7 Kxg7 28. Re2 Kg6 29. Bf2 e6 30. Rf1 a5 31. Be1 b4 32. Re5
Rxe5 33. dxe5 Nd5 34. Bf2 Rc2 35. Ra1 Kf5 36. Bd4 Ke4 37. Bf2 Kxe5 38. h4
Kf6 39. Rf1 Kg6 40. hxg5 Rxa2 41. Bd4 Rd2 42. Bc5 Rd3 43. Rb1 Kxg5 44. Ra1
Rxb3 45. Rxa5 Rb1+ 46. Kf2 b3 47. Rb5 Kg6 48. Bd4 f6 49. g3 Rd1 50. Bxf6
Nxf6 51. Rxb3 e5 52. Kf3 Kf5 53. Rb5 Rd3+ 54. Kf2 Ne4+ 55. Ke2 Nc3+ 56.
Kxd3 Nxb5 57. g4+ Kf4 58. g5 Kxg5 59. Ke4 Kf6 60. Kf3 Kf5 61. Ke3 e4 62.
Kf2 Kf4 63. Ke2 e3 64. Ke1 Kf3 65. Kf1 Nd6 66. Ke1 e2 67. Kd2 Kf2 68. Kd3
e1=Q 69. Kd4 Qe6 70. Kc5 Nf5 71. Kb5 Ke3 72. Kc5 Kd3 73. Kb5 Nd4+ 74. Kc5
Qc6+ 75. Kb4 Qb5+ { White resigns } 0-1

[Event "ICC tourney 2517 (60 10)"]
[Site "Internet Chess Club"]
[Date "2021.04.18"]
[Round "4"]
[White "MURGESCU, ADI:Ososul"]
[Black "SMITH, SILAS:agent1337"]
[Result "1-0"]
[ICCResult "Black resigns"]
[WhiteElo "2111"]
[BlackElo "1717"]
[Opening "Sicilian: Kan, 5.Bd3"]
[ECO "B42"]
[NIC "SI.42"]
[Time "10:02:51"]
[PlyCount "165"]
[TimeControl "3600+10"]

1. e4 c5 2. Nf3 e6 3. d4 cxd4 4. Nxd4 a6 5. Bd3 Qc7 6. c4 Nf6 7. Nc3 d6 8.
O-O Be7 9. Qe2 b6 10. f4 Nbd7 11. Bd2 Bb7 12. Rae1 e5 13. Nf5 Bf8 14. Nd5
Bxd5 15. exd5 g6 16. Nd4 Bg7 17. fxe5 Nxe5 18. Nc6 Nd7 19. b3 O-O 20. Nxe5
Nxe5 21. Bf4 Rfe8 22. Qd2 Rab8 23. a4 Qc5+ 24. Be3 Qc8 25. Kh1 Qd8 26. Bg5
Qc8 27. Bf6 Bxf6 28. Rxf6 Nxd3 29. Rxe8+ Qxe8 30. Qxd3 Qe1+ 31. Rf1 Re8 32.
Qf3 f5 33. h3 Qe2 34. Kg1 Qxf3 35. Rxf3 Re2 36. Kf1 Re5 37. b4 b5 38. cxb5
axb5 39. a5 Rxd5 40. Ra3 Re5 41. a6 Re8 42. Rd3 Rd8 43. Rd5 Ra8 44. Rxd6
Kf8 45. Rb6 Ke7 46. Rb7+ Kd6 47. a7 Kc6 48. Rxh7 Kd5 49. Rc7 Kd6 50. Rb7
Kc6 51. Rg7 Kd5 52. Rc7 Kd6 53. Rc5 Rxa7 54. Rxb5 Kc6 55. Rc5+ Kb6 56. Rc1
Kb5 57. Rb1 Ra2 58. h4 f4 59. Kg1 Rc2 60. Kh1 Rd2 61. Kg1 Ra2 62. Rf1 Kxb4
63. Rxf4+ Kc5 64. Rf6 Kd5 65. Rxg6 Ke5 66. Kh2 Ra3 67. Rg3 Ra6 68. Rf3 Rg6
69. g3 Ke6 70. Kh3 Ke7 71. h5 Rg7 72. Kh4 Rg8 73. g4 Rg7 74. h6 Rf7 75.
Rxf7+ Kxf7 76. Kg5 Kg8 77. Kf6 Kh8 78. g5 Kg8 79. g6 Kh8 80. g7+ Kg8 81.
h7+ Kxh7 82. Kf7 Kh6 83. g8=Q { Black resigns } 1-0

[Event "ICC tourney 2517 (60 10)"]
[Site "Internet Chess Club"]
[Date "2021.04.18"]
[Round "4"]
[White "Kulkarni, Tanush:TeeKay2020"]
[Black "HARDAWAY, BREWINGTON:CoolBoy2020"]
[Result "0-1"]
[ICCResult "White checkmated"]
[WhiteElo "1732"]
[BlackElo "2201"]
[Opening "Sicilian: Kan, Maróczy bind (Réti variation)"]
[ECO "B41"]
[NIC "SI.41"]
[Time "10:02:41"]
[PlyCount "100"]
[TimeControl "3600+10"]

1. e4 c5 2. Nf3 e6 3. d4 cxd4 4. Nxd4 a6 5. c4 Nf6 6. Nc3 Qc7 7. Be2 Bb4 8.
Qd3 O-O 9. O-O d6 10. a3 Bxc3 11. bxc3 Nbd7 12. Nb3 Qc6 13. Re1 Ne5 14. Qd4
Nxe4 15. f4 Ng6 16. Bf3 f5 17. Bxe4 fxe4 18. Rxe4 b6 19. Re2 Bb7 20. Be3
Rab8 21. Rf1 Ba8 22. Rd1 Qa4 23. Nc1 e5 24. fxe5 dxe5 25. Qd6 Qxc4 26. Bxb6
Qg4 27. h3 Qg5 28. Be3 Qh5 29. Qxa6 Nf4 30. Bxf4 exf4 31. Qe6+ Kh8 32. Rf1
f3 33. Ref2 Rbe8 34. Qg4 Qc5 35. Qd4 Qg5 36. Qg4 Qe3 37. Qd4 Qh6 38. gxf3
Qxh3 39. Qg4 Qh6 40. Nb3 Re6 41. Rg2 Rg6 42. Qxg6 Qe3+ 43. Rff2 hxg6 44.
Rxg6 Rxf3 45. Rg2 Qe1+ 46. Kh2 Rxf2 47. Rxf2 Qxf2+ 48. Kh3 Qg2+ 49. Kh4 Bf3
50. Nd4 g5# { White checkmated } 0-1

[Event "ICC tourney 2517 (60 10)"]
[Site "Internet Chess Club"]
[Date "2021.04.18"]
[Round "4"]
[White "WANG, ELLEN:SkyAngel"]
[Black "NEMMALI, PRATEEK R:Priccchess"]
[Result "1-0"]
[ICCResult "Black resigns"]
[WhiteElo "2168"]
[BlackElo "1822"]
[Opening "Philidor: exchange variation"]
[ECO "C41"]
[NIC "KP.08"]
[Time "10:02:49"]
[PlyCount "85"]
[TimeControl "3600+10"]

1. e4 e5 2. Nf3 d6 3. d4 exd4 4. Nxd4 Nf6 5. Nc3 Be7 6. Bc4 O-O 7. O-O a6
8. a4 Bd7 9. Re1 Nc6 10. Nxc6 Bxc6 11. f3 Nd7 12. Be3 Bf6 13. Qd2 Re8 14.
Bb3 Nf8 15. Rad1 Ne6 16. a5 h6 17. Bd5 Qd7 18. b4 Rad8 19. Bxc6 bxc6 20.
Ne2 Qc8 21. Qd3 d5 22. exd5 Rxd5 23. Qc4 Red8 24. Rb1 Qb7 25. Ng3 Bd4 26.
Bxd4 Nxd4 27. Ne4 Nb5 28. Nc5 Qc8 29. Qg4 f5 30. Qg6 R5d6 31. Re6 Nd4 32.
Rxd6 Rxd6 33. Qh5 Nxc2 34. Qh4 Qe8 35. Qc4+ Kh8 36. Qxc2 Qe3+ 37. Kh1 Rd2
38. Qc1 Qg5 39. Qf1 h5 40. Nxa6 h4 41. h3 Qg3 42. Nc5 g5 43. a6 { Black
resigns } 1-0

[Event "ICC tourney 2517 (60 10)"]
[Site "Internet Chess Club"]
[Date "2021.04.18"]
[Round "4"]
[White "ROBERTS, ASTON:AstonRoberts"]
[Black "Gyorgy, Zalan:z88"]
[Result "0-1"]
[ICCResult "White checkmated"]
[WhiteElo "1696"]
[BlackElo "1418"]
[Opening "French: Tarrasch, closed variation"]
[ECO "C05"]
[NIC "FR.16"]
[Time "10:02:46"]
[PlyCount "148"]
[TimeControl "3600+10"]

1. e4 e6 2. d4 d5 3. Nd2 Nf6 4. e5 Nfd7 5. f4 c5 6. Ngf3 Nc6 7. Nb3 Qb6 8.
c3 Be7 9. Be2 O-O 10. O-O c4 11. Nbd2 f6 12. Kh1 Qa5 13. Qe1 fxe5 14. fxe5
b5 15. Qg3 b4 16. Ne1 Rxf1+ 17. Nxf1 Kh8 18. Bh5 Nf8 19. Qf3 Bd7 20. Bd2
Qb6 21. Nc2 b3 22. axb3 Qxb3 23. Nfe3 Qxb2 24. Qd1 Qb7 25. Nb4 Bxb4 26.
cxb4 Nxd4 27. Bc3 Nb3 28. Rb1 Be8 29. Bg4 Bg6 30. Rb2 Be4 31. Bf3 Bxf3 32.
Qxf3 Ng6 33. g3 Rf8 34. Qg2 Qa6 35. Rf2 Rxf2 36. Qxf2 d4 37. Qf3 Qc8 38.
Nxc4 Nxe5 39. Nxe5 dxc3 40. Qh5 Qa8+ 41. Kg1 c2 42. Nd3 Qd8 43. Kf2 c1=Q
44. Nxc1 Nxc1 45. b5 Qd4+ 46. Ke1 Nd3+ 47. Ke2 Qe5+ 48. Qxe5 Nxe5 49. h3
Kg8 50. Kd2 Kf7 51. Ke3 Nd7 52. Ke4 Ke7 53. g4 Kd6 54. Kd4 e5+ 55. Kc4 Nb6+
56. Kd3 Kd5 57. Ke3 Kc5 58. Ke4 Nd7 59. h4 Kxb5 60. g5 a5 61. h5 a4 62. Kd3
a3 63. Kc2 e4 64. Kb3 e3 65. Kxa3 e2 66. Kb2 e1=Q 67. Kc2 Qe3 68. Kb2 Qd3
69. Ka2 Qc4+ 70. Ka1 Qb4 71. g6 h6 72. Ka2 Kc4 73. Ka1 Kc3 74. Ka2 Qb2# {
White checkmated } 0-1

[Event "ICC tourney 2517 (60 10)"]
[Site "Internet Chess Club"]
[Date "2021.04.18"]
[Round "4"]
[White "LANCMAN, KALEB:kaleblancman"]
[Black "ZHANG, ROGER:RogerZ"]
[Result "0-1"]
[ICCResult "White resigns"]
[WhiteElo "1839"]
[BlackElo "1950"]
[Opening "Queen's pawn: London system"]
[ECO "A45"]
[NIC "QP.07"]
[Time "10:02:37"]
[PlyCount "64"]
[TimeControl "3600+10"]

1. d4 Nf6 2. Bf4 g6 3. Nc3 Bg7 4. e4 d6 5. Qd2 O-O 6. O-O-O c6 7. Bh6 b5 8.
Bd3 b4 9. Nce2 a5 10. h4 Bxh6 11. Qxh6 Ng4 12. Qf4 h5 13. Rf1 e5 14. Qd2
exd4 15. Nxd4 Qb6 16. Be2 a4 17. f3 Nf6 18. g4 Bd7 19. Nf5 b3 20. a3 gxf5
21. Qg5+ Kh7 22. Qxf6 Qe3+ 23. Kb1 bxc2+ 24. Kxc2 fxg4 25. Qxd6 Qb3+ 26.
Kb1 g3 27. Qxf8 g2 28. Nh3 Bxh3 29. Rfg1 Ra7 30. Rxh3 Rb7 31. Bb5 Qxb5 32.
Qb4 Qd3+ { White resigns } 0-1

[Event "ICC tourney 2517 (60 10)"]
[Site "Internet Chess Club"]
[Date "2021.04.18"]
[Round "4"]
[White "Ho, Jasper:coolhacker1234"]
[Black "LODH, ANJALI:ChessHawk8"]
[Result "1-0"]
[ICCResult "Black resigns"]
[WhiteElo "1741"]
[BlackElo "1584"]
[Opening "QGD: Marshall defense"]
[ECO "D06"]
[NIC "QP.08"]
[Time "10:02:38"]
[PlyCount "113"]
[TimeControl "3600+10"]

1. d4 d5 2. c4 Nf6 3. cxd5 Nxd5 4. Nf3 Nc6 5. e4 Nf6 6. Nc3 Bg4 7. d5 Ne5
8. Qa4+ Bd7 9. Qd1 Bg4 10. Be2 Nxf3+ 11. Bxf3 Bxf3 12. Qxf3 g6 13. Bf4 a6
14. O-O Bg7 15. e5 Nh5 16. Rfe1 Nxf4 17. Qxf4 O-O 18. Rad1 Qc8 19. Qe4 Rd8
20. Ne2 e6 21. Nf4 exd5 22. Nxd5 Re8 23. Qh4 Qd8 24. Qf4 Qb8 25. h4 c6 26.
Nf6+ Bxf6 27. Qxf6 Re6 28. Qg5 Qe8 29. f4 f6 30. Qg3 fxe5 31. Qb3 Qf7 32.
fxe5 Re7 33. Qg3 Qf5 34. Rd2 Rae8 35. Rf2 Qh5 36. Rfe2 Re6 37. Re4 Kg7 38.
Qc3 Kg8 39. Qb3 Re7 40. Qb6 Kg7 41. Qd4 h6 42. Rf4 Kh7 43. Rfe4 Kg7 44. Qb6
Kh7 45. Qd8 Qf5 46. Qd4 Qh5 47. Qf2 Kg7 48. g4 Rxe5 49. gxh5 Rxe4 50. Rxe4
Rxe4 51. hxg6 Rg4+ 52. Kh2 Rxg6 53. Qb6 Rf6 54. Qxb7+ Rf7 55. Qxc6 Rf2+ 56.
Kg3 Rxb2 57. Qc3+ { Black resigns } 1-0

[Event "ICC tourney 2517 (60 10)"]
[Site "Internet Chess Club"]
[Date "2021.04.18"]
[Round "4"]
[White "SHERIF, SAMEER:SAsameer"]
[Black "REDDY, TANVI CHINTHAGUNTA:tcrgm"]
[Result "1-0"]
[ICCResult "Black checkmated"]
[WhiteElo "1428"]
[BlackElo "1564"]
[Opening "Queen's bishop game"]
[ECO "D00"]
[NIC "QP.08"]
[Time "10:02:57"]
[PlyCount "137"]
[TimeControl "3600+10"]

1. d4 d5 2. Bf4 Nf6 3. Nf3 Bf5 4. e3 Ne4 5. Bd3 e6 6. Ne5 Nd7 7. g4 Nxe5 8.
dxe5 Qh4 9. Bxe4 Bxe4 10. Bg3 Qe7 11. f3 Bg6 12. h4 Qc5 13. e4 Qe3+ 14. Qe2
Qxe2+ 15. Kxe2 dxe4 16. Nd2 exf3+ 17. Kxf3 O-O-O 18. Ne4 Rd4 19. Rhe1 Bxe4+
20. Rxe4 Rxe4 21. Kxe4 Bc5 22. Rd1 Rd8 23. Rxd8+ Kxd8 24. c3 Kd7 25. b4 Bb6
26. c4 a5 27. b5 c6 28. a4 Bc5 29. Be1 Bb4 30. Bxb4 axb4 31. c5 f6 32. b6
b3 33. Kd3 f5 34. gxf5 exf5 35. a5 b2 36. Kc2 b1=Q+ 37. Kxb1 f4 38. a6 f3
39. e6+ Kxe6 40. axb7 f2 41. b8=Q f1=Q+ 42. Kb2 Qf2+ 43. Ka1 Qd4+ 44. Ka2
Qc4+ 45. Ka1 Qa4+ 46. Kb2 Qb4+ 47. Ka1 Qa3+ 48. Kb1 Qb3+ 49. Kc1 Qc3+ 50.
Kd1 Qd4+ 51. Ke2 Qe4+ 52. Kf1 Qh1+ 53. Kf2 Qxh4+ 54. Qg3 Qf6+ 55. Kg2 Qb2+
56. Kh3 Qe5 57. Qxe5+ Kxe5 58. b7 Kf6 59. b8=Q Kg6 60. Qd6+ Kh5 61. Qxc6 g6
62. Qa6 g5 63. Kh2 Kh4 64. c6 h5 65. c7 g4 66. c8=Q g3+ 67. Kg2 Kg5 68.
Qg8+ Kh4 69. Qac4# { Black checkmated } 1-0

[Event "ICC tourney 2517 (60 10)"]
[Site "Internet Chess Club"]
[Date "2021.04.18"]
[Round "4"]
[White "CHEUNG, RYAN:H2ODerp"]
[Black "CHONG, JOSHUA ETHAN:Joshua1"]
[Result "1/2-1/2"]
[ICCResult "Game drawn by mutual agreement"]
[WhiteElo "2076"]
[BlackElo "1847"]
[Opening "Sicilian: closed"]
[ECO "B23"]
[NIC "SI.44"]
[Time "10:02:35"]
[PlyCount "87"]
[TimeControl "3600+10"]

1. e4 c5 2. Nc3 e6 3. g3 Nc6 4. Bg2 d6 5. d3 g6 6. Nh3 Bg7 7. Be3 Nge7 8.
O-O O-O 9. Qd2 Nd4 10. Nd1 d5 11. c3 Ndc6 12. exd5 exd5 13. Bxc5 b6 14. Be3
Ne5 15. f4 Ng4 16. Nhf2 Nxe3 17. Nxe3 Bb7 18. d4 Qc7 19. Rfe1 Rfe8 20. Nd3
Rad8 21. a4 a5 22. Bf3 Qb8 23. b4 axb4 24. Nxb4 Qa8 25. Qg2 Rd7 26. Red1
Rc8 27. Rac1 Rcd8 28. Qa2 h6 29. Rc2 Bf8 30. Nd3 Bg7 31. Ne5 Rc7 32. c4
dxc4 33. Bxb7 Qxb7 34. Rxc4 Rxc4 35. Qxc4 Nd5 36. Nxd5 Qxd5 37. Qc7 Bxe5
38. fxe5 Ra8 39. Qxb6 Rxa4 40. Qc5 Qf3 41. Qc2 Ra2 42. Qxa2 Qxd1+ 43. Kg2
Qxd4 44. Qe2 { Game drawn by mutual agreement } 1/2-1/2